 Seeded DCSS version 0.31-a0-358-gac0dbeb3ab (webtiles) character file.

Game seed: 13532415758814214178 (custom seed)

2277 innerfire43 the Mimic (level 9, -3/63 HPs)
             Began as a Demonspawn Monk on July 25, 2023.
             Was an Elder of Cheibriados.
             Killed from afar by an electric eel (11 damage)
             ... with a bolt of electricity
             ... on level 7 of the Dungeon.
             The game lasted 00:07:53 (5101 turns).

innerfire43 the Mimic (Demonspawn Monk)             Turns: 5101, Time: 00:07:54

Health: -3/63      AC:  2    Str: 26    XL:     9   Next: 16%
Magic:  9/9        EV: 14    Int: 20    God:    Cheibriados [****..]
Gold:   376        SH:  6    Dex: 24    Spells: 4/8 levels left

rFire   + . .        r - +5 trident "Spiderbane" {protect, rF+}
rCold   . . .        d - orb {light}
rNeg    . . .        b - +0 robe
rPois   .            (helmet currently unavailable)
rElec   .            (cloak currently unavailable)
rCorr   .            (gloves currently unavailable)
SInv    .            (boots currently unavailable)
Will    .....        (no amulet)
Stlth   +            u - ring of wizardry
HPRegen 0.30/turn    (no ring)
MPRegen 0.11/turn

%: wizardry (x1)
@: beast-form, glowing, very slow
A: beast (slay +5), hooves 1, large bone plates 2, foul stench 2
a: Begin Untransformation, Renounce Religion, Bend Time, Temporal Distortion,
Slouch


You were on level 7 of the Dungeon.
You worshipped Cheibriados.
Cheibriados was greatly pleased with you.
You were a hulking beast.
You visited 2 branches of the dungeon, and saw 8 of its levels.

You collected 563 gold pieces.
You spent 187 gold pieces at shops.

Inventory:

Hand Weapons
 a - a +0 spear
 h - a +1 short sword of draining
 r - the +5 trident "Spiderbane" (weapon) {protect, rF+}
   (You bought it in a shop on level 3 of the Dungeon)

   rF:        It protects you from fire.
Armour
 b - a +0 robe (worn)
 d - an orb of light (worn)
Jewellery
 u - a ring of wizardry (left hand)
Talismans
 g - a blade talisman
 l - a beast talisman
Wands
 v - a wand of light (9)
 z - a wand of flame (15)
Scrolls
 c - a scroll of noise {unknown}
 e - a scroll of amnesia {unknown}
 i - 5 scrolls of identify {unknown}
 n - 2 scrolls of poison {unknown}
 o - a scroll of fog {unknown}
 q - a scroll of enchant armour {unknown}
 x - a scroll of summoning {unknown}
 y - a scroll of revelation {unknown}
Potions
 f - 3 potions of resistance {unknown}
 j - a potion of curing {unknown}
 k - a potion of enlightenment {unknown}
 m - 2 potions of might {unknown}
 p - a potion of mutation {unknown}
 s - a potion of invisibility {unknown}
 t - 4 potions of brilliance {unknown}
 w - 2 potions of heal wounds


   Skills:
 - Level 3.1 Fighting
 + Level 6.1 Polearms
 - Level 2.8 Dodging
 * Level 8.1 Shapeshifting


You had 4 spell levels left.
You knew the following spells:

 Your Spells              Type           Power      Damage    Failure   Level
a - Blink                 Tloc           0%         N/A       12%         2
b - Scorch                Fire           0%         2d5       12%         2

Your spell library contained the following spells:

 Spells                   Type           Power      Damage    Failure   Level
 Ensorcelled Hibernation  Hex/Ice        0%         N/A       12%         2
 Lesser Beckoning         Tloc           0%         N/A       12%         2
 Momentum Strike          Conj/Tloc      0%         3d8       12%         2
 Anguish                  Hex/Necr       0%         N/A       56%         4
 Flame Wave               Conj/Fire      0%         2d4       56%         4
 Manifold Assault         Tloc           0%         N/A       56%         4
 Summon Cactus Giant      Summ           0%         N/A       100%        6


Dungeon Overview and Level Annotations

Branches:
Dungeon (7/15)             Temple (1/1) D:4

Altars:
Ashenzari
Cheibriados
Fedhas
Gozag
Hepliaklqana
Kikubaaqudgha
Makhleb
Nemelex Xobeh
Okawaru
Qazlal
Sif Muna
Trog
Vehumet
Wu Jian
Xom
Yredelemnul

Shops:
D:3 (

Annotations:
D:3 2 transporters


Innate Abilities, Weirdness & Mutations

You are a hulking beast.
Your limbs bulge with bestial killing power. (Slay +5)
You have large cloven feet.
You are mostly covered in large bone plates. (SH +6)
You sometimes emit foul miasma when damaged in melee.


Message History

You hit the electric eel.
Your weapon exudes an aura of protection.
You kick the electric eel.
The electric eel is heavily wounded.
The orc splashes around in the water.
There are monsters nearby!
Your unstable footing causes you to fumble your attack.
The orc splashes around in the water.
The electric eel shoots out a bolt of lightning at you!
The bolt of electricity hits you.
There are monsters nearby!
Your unstable footing causes you to fumble your attack.
The orc splashes around in the water.
The electric eel shoots out a bolt of lightning at you!
The bolt of electricity hits you!
You barely miss the electric eel. You kick the electric eel!
You kill the electric eel!
Cheibriados appreciates the change of pace.
You block the orc's attack.
You puncture the orc!
Your weapon exudes an aura of protection.
You kill the orc!
Cheibriados thoroughly appreciates the change of pace.
You hear a splash. x2
An electric eel comes into view.
The electric eel shoots out a bolt of lightning at you!
The bolt of electricity hits you!
Things that are here:
a +0 hand axe; a +0 leather armour Unknown command.
The electric eel shoots out a bolt of lightning at you!
The bolt of electricity hits you!
* * * LOW HITPOINT WARNING * * *
The electric eel shoots out a bolt of lightning at you!
The bolt of electricity hits you!
* * * LOW HITPOINT WARNING * * *
The electric eel shoots out a bolt of lightning at you!
The bolt of electricity hits the plant!
The plant begins to die.
The bolt of electricity hits you!
You die...

#..........# #...#
#.........# ###...#
##........#
.#.....####.........#
....................#
#.................##
♣♣ ~..............##
~~~~♣♣♣ ♣..........)##
≈~~~~~~♣♣h..........#
~P~~~♣~~~♣##......).##
♣~P)~♣♣##...###..##
≈≈≈≈P~~♣~~~~....#
##..##
≈≈≈≈~~~~~~~♣....#
##..##
≈≈S~~♣~~~~~~....#
##..##
≈≈~~~~PP~~P.###.#
##..# ~~~~ ~~~♣~.##
#.. ##..


~PP ~~♣♣~.## ##.# ##. You could see an electric eel.

Vanquished Creatures
  Sigmund (D:5)
  A steam dragon (D:7)
  Duvessa (D:4)
  3 water moccasins
  2 ice beasts
  An orc warrior (D:6)
  A black bear (D:5)
  A phantom (D:4)
  4 scorpions
  A gnoll sergeant (D:6)
  Dowan (D:4)
  2 howler monkeys
  An electric eel (D:7)
  A hound (D:5)
  A jelly (D:5)
  3 orc priests
  2 sleepcaps (D:4)
  4 iguanas
  6 orc wizards
  5 gnolls (D:6)
  6 adders
  A river rat (D:5)
  A shadow imp (D:6)
  A white imp (D:5)
  3 worms
  2 dart slugs
  15 orcs
  5 ball pythons
  4 endoplasms
  4 giant cockroaches
  5 goblins
  4 hobgoblins
  2 jackals (D:5)
  7 kobolds
  2 quokkas (D:3)
  9 bats
  3 frilled lizards
  5 rats
  2 butterflies
123 creatures vanquished.

Notes
Turn   | Place    | Note
-------+----------+-------------------------------------------
     0 | D:1      | innerfire43 the Demonspawn Monk began the quest for the
                  | Orb.
     0 | D:1      | Reached XP level 1. HP: 18/18 MP: 1/1
   163 | D:1      | Gained mutation: You are partially covered in large bone
                  | plates. (SH +4) [demonic ancestry]
   163 | D:1      | Reached XP level 2. HP: 20/24 MP: 2/2
   359 | D:1      | Reached skill level 1 in Shapeshifting
   595 | D:2      | Gained mutation: You have large cloven feet. [demonic
                  | ancestry]
   595 | D:2      | Reached XP level 3. HP: 29/29 MP: 3/3
  1427 | D:3      | Found a transporter.
  1433 | D:3      | Found a transporter.
  1503 | D:3      | Found Heteeque's Antique Weapon Boutique.
  1511 | D:3      | Bought a pitted trident for 187 gold pieces
  1511 | D:3      | Identified the +5 trident "Spiderbane" {protect, rF+} (You
                  | bought it in a shop on level 3 of the Dungeon)
  1700 | D:3      | Reached skill level 2 in Shapeshifting
  1994 | D:3      | Gained mutation: You may rarely emit foul miasma when
                  | damaged in melee. [demonic ancestry]
  1994 | D:3      | Reached XP level 4. HP: 34/35 MP: 4/4
  2200 | D:4      | Noticed Dowan
  2201 | D:4      | Noticed Duvessa
  2215 | D:4      | Killed Dowan
  2216 | D:4      | Reached skill level 3 in Shapeshifting
  2216 | D:4      | Reached XP level 5. HP: 28/41 MP: 5/5
  2221 | D:4      | Killed Duvessa
  2222 | D:4      | Reached skill level 4 in Shapeshifting
  2269 | D:4      | Reached XP level 6. HP: 38/47 MP: 6/6
  2562 | D:4      | Reached skill level 5 in Shapeshifting
  2872 | D:4      | Found a staircase to the Ecumenical Temple.
  3012 | Temple   | Entered the Ecumenical Temple
  3047 | Temple   | Became a worshipper of Cheibriados the Contemplative
  3047 | Temple   | Reached * piety under Cheibriados
  3047 | Temple   | Reached ** piety under Cheibriados
  3096 | D:5      | Entered Level 5 of the Dungeon
  3122 | D:5      | Noticed Sigmund
  3127 | D:5      | Reached XP level 7. HP: 47/52 MP: 7/7
  3132 | D:5      | Killed Sigmund
  3260 | D:5      | Found an ancient bone altar of Kikubaaqudgha.
  3330 | D:5      | Reached skill level 6 in Shapeshifting
  3349 | D:5      | Gained mutation: You are mostly covered in large bone
                  | plates. (SH +6) [demonic ancestry]
  3349 | D:5      | Reached XP level 8. HP: 58/58 MP: 8/8
  3427 | D:5      | Found a shimmering altar of Xom.
  3916 | D:6      | Reached skill level 5 in Polearms
  3916 | D:6      | Reached skill level 7 in Shapeshifting
  3921 | D:6      | Reached *** piety under Cheibriados
  4575 | D:6      | Reached **** piety under Cheibriados
  4610 | D:6      | Identified the +4 whip "Giant's Toothpick" {heavy, Str+3}
  4935 | D:7      | Gained mutation: You sometimes emit foul miasma when
                  | damaged in melee. [demonic ancestry]
  4935 | D:7      | Reached XP level 9. HP: 63/63 MP: 9/9
  4938 | D:7      | Learned a level 2 spell: Blink
  4941 | D:7      | Learned a level 2 spell: Scorch
  5089 | D:7      | Reached skill level 8 in Shapeshifting
  5101 | D:7      | Killed from afar by an electric eel

Illustrated notes

Levels and vault maps discovered:
D:1:      scummos_arrival_simple_crosswalls, layout_rooms
D:2:      layout_basic
D:3:      gammafunk_steamed_eel, layout_loops_corners, serial_shops, shop,
          minmay_gold_behind_fungi, dk_noncrumbling_3
D:4:      layout_loops_ring, minmay_temple_entry_butterflies, uniq_duvessa
D:5:      layout_loops_ring, xom_butterflies, mainiacjoe_overflow_24_doors,
          portal_sewer_entry_b, minmay_statues_item, uniq_sigmund
D:6:      layout_gridville
D:7:      layout_layer_cave, serial_bayou_lake_a
Temple:   bh_familiar_temple

Skill      XL: |  1  2  3  4  5  6  7  8  9 |
---------------+----------------------------+-----
Polearms       | 3 4 5 6 |  6.1
Shapeshifting  | 1 2 3 4 5 6 7 8 |  8.1
Fighting       | |  3.1
Dodging        | |  2.8

Action                     |  1- 3 |  4- 6 |  7- 9 || total
---------------------------+-------+-------+-------++-------
  Melee: Short sword       |    76 |       |       ||    76
         Spear             |     5 |       |       ||     5
         Trident           |    15 |    81 |   128 ||   224
         Kick              |    13 |    28 |    29 ||    70
    Use: Potion            |       |     2 |       ||     2
   Stab: Distracted        |     1 |       |       ||     1
 Armour: Robe              |    18 |    12 |    41 ||    71
  Dodge: Dodged            |    49 |    30 |    60 ||   139
  Block: Orb               |    17 |     6 |    37 ||    60
   Form: Beast             |       |     1 |     1 ||     2
                           |       |       |     1 ||     1

Table legend: (Time is in decaauts)
 A = Elapsed time spent in this place.
 B = Non-inter-level travel time spent in this place.
 C = Inter-level travel time spent in this place.
 D = Time resting spent in this place.
 E = Time spent auto-exploring this place.
 F = Levels seen in this place.
 G = Mean time per level.
                   A        B        C        D        E       F      G
               +--------+--------+--------+--------+--------+-----+--------+
         Total |   6011 |   5727 |    284 |      0 |   4777 |   8 |  751.4 |
       Dungeon |   5929 |   5645 |    284 |      0 |   4777 |   7 |  847.0 |
        Temple |     82 |     82 |      0 |      0 |      0 |   1 |   82.0 |
               +--------+--------+--------+--------+--------+-----+--------+

Top non-repeatable levels by time:
     D:6: 1392 daAuts
     D:5: 1075 daAuts
     D:3: 1009 daAuts
     D:4: 847 daAuts
     D:2: 679 daAuts
     D:1: 506 daAuts
     D:7: 418 daAuts
  Temple: 82 daAuts
